 Dungeon Crawl Stone Soup version 0.26.1-11-gd32895ea62 (webtiles) character file.

Game seed: 8309928687252102064

692 Zeld the Cruncher (level 7, -4/45 HPs)
             Began as an Octopode Gladiator on May 22, 2021.
             Shot with an arrow by a centaur (10 damage)
             ... on level 5 of the Dungeon.
             The game lasted 00:02:37 (4797 turns).

Zeld the Cruncher (Octopode Gladiator)              Turns: 4797, Time: 00:02:38

Health: -4/45      AC:  1    Str: 16    XL:     7   Next: 63%
Magic:  7/7        EV: 14    Int: 10    God:
Gold:   275        SH:  0    Dex: 13    Spells: 6/6 levels left

rFire    . . .     SeeInvis .   m - +4 quarterstaff (chaos)
rCold    . . .     Faith    .   (shield currently unavailable)
rNeg     . . .     Spirit   .   b - +0 hat
rPois    .         Reflect  .   (no amulet)
rElec    .         Harm     .   (no ring)
rCorr    .         Rampage  .   (no ring)
Will     .....                  (no ring)
Stlth    ++........             (no ring)
HPRegen  0.15/turn              (no ring)
MPRegen  0.10/turn              (no ring)
                                (no ring)
                                (no ring)

@: no status effects
A: almost no armour, stealthy swim, amphibious, 8 rings, constrict 8, camouflage
1, gelatinous body 1
a: no special abilities


You were on level 5 of the Dungeon.
You visited 1 branch of the dungeon, and saw 5 of its levels.

You collected 275 gold pieces.

Inventory:

Hand Weapons
 a - a +0 quarterstaff
 m - a +4 quarterstaff of chaos (weapon)
Missiles
 c - 3 throwing nets (quivered)
 j - 23 poisoned darts
Armour
 b - a +0 hat (worn)
Wands
 l - a wand of digging (6)
 p - a wand of polymorph (11)
 s - a wand of disintegration (8)
Scrolls
 g - 4 scrolls of remove curse {unknown}
 h - a scroll of enchant weapon {unknown}
 i - 5 scrolls of identify {unknown}
 k - a scroll of fog {unknown}
 n - a scroll of teleportation {unknown}
 q - a scroll of amnesia {unknown}
 r - a scroll of immolation {unknown}
 t - a scroll of blinking {unknown}
 u - a scroll of fear {unknown}
 w - 3 scrolls of acquirement {unknown}
Potions
 d - 3 potions of mutation {unknown}
 e - 4 potions of might
 f - 2 potions of flight {unknown}
 o - a potion of invisibility
 v - a potion of curing {unknown}


   Skills:
 - Level 2.0 Fighting
 * Level 8.7 Staves
 - Level 2.0 Throwing
 - Level 3.0 Dodging


You had 6 spell levels left.
You didn't know any spells.
Your spell library was empty.

Dungeon Overview and Level Annotations

Branches:
Dungeon (5/15)
 Temple: D:4-7

Altars:
Elyvilon
Xom
Yredelemnul


Innate Abilities, Weirdness & Mutations

You cannot wear most types of armour.
You are very stealthy in the water. (Stealth+)
You are amphibious.
You can wear up to eight rings at the same time.
You can use your tentacles to constrict eight enemies at once.
Your skin changes colour to match your surroundings (Stealth+).
Your rubbery body absorbs attacks. (AC +1, EV +1)


Message History

There are monsters nearby!
There are monsters nearby!
The centaur shouts!
The centaur wields a +0 shortbow.
The centaur shoots an arrow.
The arrow misses you.
The centaur shoots an arrow.
The arrow barely misses you.
There are monsters nearby!
You thump the leopard gecko!
You kill the leopard gecko!
The centaur shoots an arrow.
The arrow hits you.
You see here an arrow.
The centaur shoots an arrow.
The arrow hits you. The worker ant bites you!
The centaur shoots an arrow.
The arrow hits you.
You see here 3 arrows.
The centaur shoots an arrow.
The arrow barely misses you.
The centaur shoots an arrow.
The arrow hits you!
* * * LOW HITPOINT WARNING * * *
You see here an arrow.
The centaur shoots an arrow.
The arrow hits you!
You die...

## #.#### ....###########
#..#.....#...# ##
####.#.......#.# #?#
#..........#...#
#..#.##@#..†..##.#######
#.#.#(B#.....##.......#
#......##############.#
##..(### #......#
####..(## ########.###..#
#......(# #........#....#
#.....>...#........#.#.##
#..c......#........#.#.##
#.........#..............


You could see a centaur and a worker ant.

Vanquished Creatures
  Sigmund (D:2)
  2 ogres
  A bullfrog zombie (D:5)
  A centaur zombie (D:5)
  A hound (D:5)
  Crazy Yiuf (D:2)
  Jessica (D:3)
  Ijyb (D:3)
  Terence (D:2)
  Robin (D:2)
  A gnoll (D:3)
  5 adders
  An ooze (D:3)
  An adder skeleton (D:3)
  A worm (D:2)
  4 dart slugs
  3 leopard geckos
  4 orcs (D:3)
  5 bats
  2 giant cockroaches (D:1)
  21 goblins
  9 hobgoblins
  3 jackals (D:3)
  2 quokkas (D:3)
  2 ball pythons (D:3)
  7 frilled lizards
  8 kobolds
  6 rats
96 creatures vanquished.

Vanquished Creatures (others)
  A goblin (D:2)
1 creature vanquished.

Grand Total: 97 creatures vanquished

Notes
Turn   | Place    | Note
-------+----------+-------------------------------------------
     0 | D:1      | Zeld the Octopode Gladiator began the quest for the Orb.
     0 | D:1      | Reached XP level 1. HP: 14/14 MP: 1/1
    93 | D:2      | Noticed Robin
    97 | D:2      | Reached XP level 2. HP: 3/19 MP: 2/2
   687 | D:1      | Reached skill level 4 in Staves
   747 | D:1      | Reached XP level 3. HP: 24/24 MP: 3/3
  1472 | D:2      | Found a faded altar of an unknown god.
  1543 | D:2      | Noticed an ogre
  1550 | D:2      | Killed an ogre
  1551 | D:2      | Reached skill level 5 in Staves
  1551 | D:2      | Reached XP level 4. HP: 29/29 MP: 4/4
  1551 | D:2      | Reached XP level 5. HP: 34/34 MP: 5/5
  1553 | D:2      | Noticed Terence
  1560 | D:2      | Killed Terence
  1700 | D:2      | Reached skill level 6 in Staves
  1715 | D:2      | Noticed Sigmund
  1726 | D:2      | Killed Sigmund
  1727 | D:2      | Reached skill level 7 in Staves
  1727 | D:2      | Reached XP level 6. HP: 2/39 MP: 6/6
  2081 | D:2      | Found a basalt altar of Yredelemnul.
  2166 | D:2      | Found a runed translucent door.
  2167 | D:2      | Noticed Crazy Yiuf
  2208 | D:2      | Found a white marble altar of Elyvilon.
  2622 | D:2      | Killed Robin
  2823 | D:2      | Killed Crazy Yiuf
  3075 | D:3      | Noticed Ijyb
  3094 | D:3      | Killed Ijyb
  3254 | D:3      | Noticed Jessica
  3262 | D:3      | Killed Jessica
  3263 | D:3      | Reached XP level 7. HP: 45/45 MP: 7/7
  3592 | D:3      | Found a shimmering altar of Xom.
  3823 | D:3      | Reached skill level 8 in Staves
  4718 | D:5      | Entered Level 5 of the Dungeon
  4797 | D:5      | Shot with an arrow by a centaur

Illustrated notes

Levels and vault maps discovered:
D:1:      lemuel_arrival_room, layout_basic
D:2:      layout_loops_ring, overflow_temple_1_default,
          overflow_temple_1_default, chequers_ecumenical_altar_simple_redux,
          uniq_terence, uniq_robin, uniq_sigmund, uniq_crazy_yiuf_cottage
D:3:      layout_loops_corners, xom_teletrap_fun, serial_aquarium,
          aquarium_bridge_square [aquarium_subvault_balcony,
          aquarium_subvault_window, aquarium_subvault_bridge,
          aquarium_subvault_wall], aquarium_bridge_island_small
          [aquarium_subvault_small_open, aquarium_subvault_wall,
          aquarium_subvault_wall, aquarium_subvault_bridge,
          aquarium_subvault_bridge], aquarium_window_fake, aquarium_window_fake,
          aquarium_window_1, aquarium_view_2d, aquarium_view_2c,
          aquarium_pool_five, uniq_jessica, uniq_ijyb
D:4:      layout_basic, minmay_misc_feat_rugged, minivault_11,
          minmay_misc_feat_secret_circle
D:5:      layout_loops_cross, chei_slow_surprise

Skill      XL: |  1  2  3  4  5  6  7 |
---------------+----------------------+-----
Staves         | 4 5 7 8 |  8.7
Fighting       | |  2.0
Throwing       | |  2.0
Dodging        | |  3.0

Action                   |  1- 3 |  4- 6 |  7- 9 || total
-------------------------+-------+-------+-------++-------
Melee: Quarterstaff      |    69 |    71 |    42 ||   182
       Constrict         |    17 |    14 |     9 ||    40
       Tentacles         |    11 |    11 |     6 ||    28
 Stab: Sleeping          |     4 |     7 |     2 ||    13
Armor: Skin              |     6 |     1 |     1 ||     8
Dodge: Dodged            |    53 |    46 |    24 ||   123
